Cogmind - Beta 15 @@@ ROGUE MODE // 2025.08.12 @ 17:40:22 // Winter2019/RPGLIKE Player: Selene Result: Destroyed by Y-45 Defender with Heavy Assault Rifle Performance ------------- Evolutions (2) 1000 Regions Visited (3) 600 Robots Destroyed (33) 165 Value Destroyed (584) 584 Prototype IDs (1) 20 Alien Tech Used (0) 0 Bonus (0) 0 TOTAL SCORE: 2369 Bonus ------- None Cogmind --------- Core Integrity 0/800 Matter 202/300 Energy 131/160 System Corruption 0% Temperature Cool (24) Movement Hovering (46) Location -8/Materials Parts ------- > --- POWER (1) -------- Light Nuclear Core > --- PROPULSION (2) --- Aerolev Unit Aerolev Unit > --- UTILITY (1) ------ Seismic Detector > --- WEAPON (2) ------- EM Shotgun EM Shotgun > --- INVENTORY (5) ---- Heavy Ion Engine Aerolev Unit Aerolev Unit Hardlight Generator Great Maul Peak State ------------ > --- POWER ------------ Light Nuclear Core > --- PROPULSION ------- Aerolev Unit Aerolev Unit > --- UTILITY ---------- Seismic Detector > --- WEAPON ----------- Pulse Rifle Pulse Rifle > --- INVENTORY -------- Heavy Ion Engine Aerolev Unit Backup Propulsion III Hardlight Generator Great Maul [Rating: 19] Favorites ----------- Power Ion Engine Engine Ion Engine Power Core Light Nuclear Core Propulsion Backup Propulsion III Treads Light Treads Wheel Compact Wheel Hover Unit Backup Propulsion III Utility Seismic Detector Device Seismic Detector Weapon Shotgun Energy Gun Medium Laser Ballistic Gun Shotgun Build | -11 -10 -9 -8 ------- Run | Yrd Mat Mat Mat Slots Evolved 2 | . 1 . 1 Power . | . . . . Propulsion 1 | . 1 . . Utility . | . . . . Weapon 1 | . . . 1 Parts Attached 17 | 4 5 3 5 Power 2 | 1 . 1 . Engine 1 | 1 . . . Core 1 | . . 1 . Reactor . | . . . . Propulsion 7 | 1 3 1 2 Treads 2 | . 2 . . Leg . | . . . . Wheel 2 | 1 1 . . Hover 3 | . . 1 2 Flight . | . . . . Utility 1 | 1 . . . Device 1 | 1 . . . Storage . | . . . . Processor . | . . . . Hackware . | . . . . Protection . | . . . . Artifact . | . . . . Weapon 7 | 1 2 1 3 Energy Gun 5 | 1 . 1 3 Energy Cannon . | . . . . Ballistic Gun 2 | . 2 . . Ballistic Cannon . | . . . . Launcher . | . . . . Special Weapon . | . . . . Impact Weapon . | . . . . Slashing Weapon . | . . . . Piercing Weapon . | . . . . Special Melee Weapon . | . . . . Unidentified Prototypes 1 | . . . 1 Parts Lost . | . . . . Power . | . . . . Propulsion . | . . . . Utility . | . . . . Weapon . | . . . . Highest Loss Streak . | . . . . To Critical Strikes . | . . . . Average Backups 3 | 1 2 3 4 Power . | . . . 1 Propulsion 1 | 1 1 . 1 Utility . | . . . . Weapon 1 | . 1 2 1 Tool/Special . | . . . . Unused Backups 10 | . 3 2 5 Power 2 | . . 1 1 Propulsion 4 | . 2 . 2 Utility 1 | . . . 1 Weapon 3 | . 1 1 1 Tool/Special . | . . . . Average Slot Usage (%) 99 | . 100 100 97 Engine 14 | . 20 5 . Core 6 | . . 14 16 Treads 11 | . 17 4 . Wheel 11 | . 20 . . Hover 15 | . . 35 33 Device 20 | . 20 20 16 Energy Gun 8 | . 9 3 29 Ballistic Gun 12 | . 11 16 . Peak Build Rating 19 | 4 6 14 19 Average Rating 8 | 2 5 11 16 On Entrance 5 | . 4 6 13 Naked Turns . | . . . . Heaviest Build 12 | 8 9 9 12 Greatest Support 40 | 16 40 40 21 Greatest Overweight (x) . | . . . . Average Overweight (x) . | . . . . Largest Inventory Capacity 5 | 3 3 4 5 Average Capacity 3 | 1 3 3 4 Most Carried 5 | 3 3 4 5 Average Carried 3 | 1 2 3 4 Final Capacity 5 | 3 3 4 5 Final Carried 5 | 3 3 4 5 Class Distribution -------------------- 100% | Mutant Dominant Class ---------------- Mutant | -10/Materials Mutant | -9/Materials Mutant | -8/Materials Resources | -11 -10 -9 -8 ----------- Run | Yrd Mat Mat Mat Matter Collected 588 | 119 335 134 . Remotely . | . . . . Salvage Created 710 | 12 333 301 64 Parts 51 | 3 27 19 2 Haulers Intercepted 2 | . 1 1 . Recyclers Shooed 2 | . 1 1 . Parts Field Recycled . | . . . . Retrieved Matter . | . . . . Parts Self-Destructed . | . . . . Prevented . | . . . . Kills | -11 -10 -9 -8 ------- Run | Yrd Mat Mat Mat Combat Hostiles Destroyed 21 | . 11 9 1 Guns 21 | . 11 9 1 Classes Destroyed 11 | 1 7 3 . Worker 3 | . 2 1 . Builder 1 | . . 1 . Tunneler 1 | 1 . . . Hauler 2 | . 1 1 . Recycler 1 | . 1 . . Operator 1 | . 1 . . Watcher 3 | . 2 1 . Swarmer 11 | . 6 5 . Grunt 7 | . 5 2 . Duelist 1 | . . 1 . Sentry 2 | . . 1 1 Best Kill Streak 5 | 1 5 4 1 Combat Bots Only 3 | . 3 3 1 Max Kills in Single Turn 2 | 1 1 2 1 Gunslinging . | . . . . Exploded . | . . . . Melee . | . . . . Uniques/NPCs Destroyed . | . . . . Combat | -11 -10 -9 -8 -------- Run | Yrd Mat Mat Mat Hostile Shots Fired 130 | . 46 74 10 Missed 44 | . 15 24 5 Hits 86 | . 31 50 5 Projectile 86 | . 31 50 5 Critical Strikes 4 | . 1 1 2 Damage Taken 976 | . 287 538 151 Core 807 | . 237 451 119 Absorbed by Shields . | . . . . Redirected to Core 563 | . 149 295 119 Core Remaining (%) 55 | 100 66 1 . Volleys Fired 111 | 1 58 48 4 Largest 2 | 1 1 1 2 Hottest 90 | 50 50 63 90 Shots Fired 115 | 1 58 48 8 Gun 115 | 1 58 48 8 Cannon . | . . . . Launcher . | . . . . Special . | . . . . Kinetic 79 | . 41 38 . Thermal 28 | 1 17 10 . Explosive . | . . . . Electromagnetic 8 | . . . 8 Robot Hit Streak 23 | 1 6 14 23 Robot Miss Streak 5 | . 5 4 . Penetration Max . | . . . . Secondary Targets . | . . . . Shots Hit Robots 96 | 1 44 44 7 Core Hits 57 | 1 28 24 4 Critical Kills 1 | . 1 . . Critical Parts Destroyed 2 | . 1 1 . Critical Strikes 3 | . 2 1 . Destroy 3 | . 2 1 . Melee Attacks . | . . . . Impact . | . . . . Slashing . | . . . . Piercing . | . . . . Sneak Attacks . | . . . . Combat Hostiles . | . . . . Follow-up Attacks . | . . . . Damage Inflicted 1610 | 13 642 762 193 Guns 1522 | 13 642 762 105 Cannons . | . . . . Explosions 88 | . . . 88 Melee . | . . . . Ramming . | . . . . Kinetic 1147 | . 553 594 . Thermal 325 | 13 89 168 55 Explosive 33 | . . . 33 Electromagnetic 105 | . . . 105 Impact . | . . . . Slashing . | . . . . Piercing . | . . . . Highest Corruption . | . . . . Average Corruption . | . . . . Corruption Purged . | . . . . Corruption Blocked . | . . . . Overload Shots . | . . . . Overflow Damage . | . . . . Projectiles . | . . . . Explosions . | . . . . Melee . | . . . . Knockbacks . | . . . . Impact . | . . . . Kinetic . | . . . . Secondary . | . . . . Self-Inflicted Damage 80 | . . . 80 Shots 1 | . . . 1 Rammed . | . . . . Targets Rammed . | . . . . Kicked . | . . . . Crushed . | . . . . Highest Temperature 126 | . 25 104 126 Average Temperature 54 | . 25 52 62 Received Heat Transfer 315 | . 84 177 54 Siege Activations . | . . . . Martial Activations . | . . . . Shielding Activations . | . . . . Robots Disrupted . | . . . . Combat Hostiles . | . . . . Robots Corrupted . | . . . . Combat Hostiles . | . . . . Parts Fried 1 | . . . 1 Impact Corruptions . | . . . . Robots Melted . | . . . . Combat Hostiles . | . . . . Parts Melted 4 | 1 1 2 . Heat Transferred 679 | 37 259 333 50 Parts Sabotaged . | . . . . Parts Stolen . | . . . . Parts Stripped . | . . . . Power Chain Reactions 1 | . . . 1 Alert | -11 -10 -9 -8 ------- Run | Yrd Mat Mat Mat Maximum Alert Level 1 | . . 1 . Low Security (%) 99 | 100 100 99 100 Level 1 . | . . . . Level 2 . | . . . . Level 3 . | . . . . Level 4 . | . . . . Level 5 . | . . . . High Security . | . . . . Max Security . | . . . . Peak Influence 201 | 5 152 201 118 Initial 78 | . 3 60 78 Average 63 | 1 44 98 77 Influence Increases 778 | 5 356 347 70 Destroy 0b10 Robot/C 420 | . 220 180 20 Destroy 0b10 Robot/NC 60 | 5 35 20 . Destroy Leader 120 | . 56 54 10 Successful Hack 18 | . . 18 . Select Force Hacks 30 | . 30 . . Disable Machine 15 | . . . 15 Destroy Structure 25 | . . . 25 Lose Combat Pursuer 90 | . 15 75 . Influence Decreases 660 | . 217 306 137 Entered New Map 193 | . 2 84 107 Time Decay 467 | . 215 222 30 Squads Dispatched 11 | . 5 2 4 Investigation 4 | . 3 1 . Extermination . | . . . . Reinforcement 4 | . 2 1 1 Assault 2 | . . . 2 Garrison 1 | . . . 1 Intercept . | . . . . Searches Triggered . | . . . . Construction Impeded . | . . . . Haulers Reinforced . | . . . . Active Scanning Responses . | . . . . Cargo Convoy Interrupts . | . . . . Stealth | -11 -10 -9 -8 --------- Run | Yrd Mat Mat Mat Distress Signals 3 | . 2 1 . Communications Jammed . | . . . . Distress Signals . | . . . . Times Spotted 51 | . 23 25 3 Peak Tracking Total 9 | . 4 9 2 Tactical Retreats 4 | . 1 3 . Traps | -11 -10 -9 -8 ------- Run | Yrd Mat Mat Mat Traps Triggered 4 | . 3 1 . Indirectly . | . . . . Trap Hack Attempts . | . . . . Triggered . | . . . . Disarmed . | . . . . Reprogrammed . | . . . . Reused . | . . . . Traps Extracted . | . . . . Installed . | . . . . Triggered . | . . . . Machines | -11 -10 -9 -8 ---------- Run | Yrd Mat Mat Mat Machines Disabled 1 | . . . 1 Max in Single Turn 1 | . . . 1 Garrison Access 1 | . . . 1 Machines Repaired . | . . . . Machines Dismantled . | . . . . Machines Sabotaged . | . . . . Overloaded Fab Kills . | . . . . Hacking | -11 -10 -9 -8 --------- Run | Yrd Mat Mat Mat Machines Accessed 10 | . 6 3 1 Terminals 6 | . 4 1 1 Fabricators . | . . . . Repair Stations 1 | . . 1 . Recycling Units 3 | . 2 1 . Scanalyzers . | . . . . Garrison Access . | . . . . Total Hacks 29 | . 18 9 2 Successful 15 | . 10 5 . Failed 13 | . 7 4 2 Catastrophic 1 | . 1 . . Database Lockouts 1 | . 1 . . Manual 17 | . 12 3 2 Terminals 21 | . 15 4 2 Fabricators . | . . . . Repair Stations 3 | . . 3 . Recycling Units 5 | . 3 2 . Scanalyzers . | . . . . Garrison Access . | . . . . Terminal Hacks 6 | . 4 2 . Robot Analysis 2 | . 1 1 . Locate Traps 3 | . 3 . . Hauler Manifests 1 | . . 1 . Fabricator Hacks . | . . . . Repair Station Hacks 1 | . . 1 . Refit 1 | . . 1 . Recycling Unit Hacks 3 | . 2 1 . Retrieve Components 3 | . 2 1 . Scanalyzer . | . . . . Garrison Access Hacks . | . . . . Unauthorized Hacks 5 | . 4 1 . Terminals 4 | . 3 1 . Botnet 4 | . 3 1 . Fabricators . | . . . . Repair Stations . | . . . . Recycling Units 1 | . 1 . . Tunnel 1 | . 1 . . Scanalyzers . | . . . . Garrison Access . | . . . . Data Cores Recovered . | . . . . Used . | . . . . Hacking Detections 7 | . 4 2 1 Full Trace Events . | . . . . Feedback Events . | . . . . Feedback Blocked . | . . . . Robot Schematics Acquired . | . . . . Robots Built . | . . . . Authchips . | . . . . Time . | . . . . Total Robot Build Rating . | . . . . Part Schematics Acquired . | . . . . Parts Built . | . . . . Authchips . | . . . . Time . | . . . . Total Part Build Rating . | . . . . Parts Repaired . | . . . . Time . | . . . . Parts Recycled . | . . . . Recycled Matter . | . . . . Retrieved Matter . | . . . . Retrieved Components 20 | . 20 . . Parts Scanalyzed . | . . . . Part Schematics Acquired . | . . . . Parts Damaged . | . . . . Bothacking | -11 -10 -9 -8 ------------ Run | Yrd Mat Mat Mat Used RIF Installer . | . . . . Robots Hacked . | . . . . Non-combat . | . . . . Combat . | . . . . Robot Hacks Applied . | . . . . Relay Couplers Released 1 | . . . 1 Machine Destruction 1 | . . . 1 Fabnet Peak Effective % . | . . . . Robots Rewired . | . . . . Allies Hacked . | . . . . Hacks Repelled . | . . . . Allies | -11 -10 -9 -8 -------- Run | Yrd Mat Mat Mat Total Allies . | . . . . Largest Group . | . . . . Highest-Rated Group . | . . . . Highest-Rated Ally . | . . . . Total Orders . | . . . . Ally Attacks . | . . . . Total Damage . | . . . . Kills . | . . . . Allies Corrupted . | . . . . Allies Melted . | . . . . Intel | -11 -10 -9 -8 ------- Run | Yrd Mat Mat Mat Active Infowar (turns) 1244 | 8 704 460 72 Seismic 1244 | 8 704 460 72 Robot Analysis Total 2 | . 1 1 . Derelict Logs Recovered . | . . . . Drone Launches . | . . . . Drone Recoveries . | . . . . Exploration | -11 -10 -9 -8 ------------- Run | Yrd Mat Mat Mat Turns Passed 1291 | 55 704 460 72 Spaces Moved 1029 | 47 468 431 83 Core 6 | 6 . . . Treads 164 | . 141 23 . Legs . | . . . . Wheels 368 | 41 327 . . Hover 491 | . . 408 83 Flight . | . . . . Fastest Speed 46 | 50 100 66 46 Average Speed 95 | 93 118 78 56 Slowest Speed 160 | 100 160 160 66 Overloaded Moves . | . . . . Propulsion Burnouts . | . . . . Robots Hopped . | . . . . Potential Cave-ins . | . . . . Cave-ins Triggered . | . . . . Exploration Rate (%) 33 | 3 68 51 11 Regions Visited 3 Branch Regions . Pre-discovered Areas 1 | . 1 . . Known Exits Taken . | . . . . Unknown Exits Taken 3 | 1 1 1 . Scrap Searched . | . . . . Spaces Dug . | . . . . Terrain Destroyed 23 | . . . 23 Melee . | . . . . Projectile . | . . . . AOE 23 | . . . 23 Terrain Rammed . | . . . . Walls Destroyed . | . . . . Machines Disabled . | . . . . Actions | -11 -10 -9 -8 --------- Run | Yrd Mat Mat Mat Total 1231 | 55 565 506 105 Wait 34 | . 24 6 4 Move 1026 | 46 467 430 83 Hop . | . . . . Pick Up 22 | 4 6 8 4 Fast Attach 6 | 3 1 . 2 Attach 4 | 1 2 . 1 Detach 1 | . . 1 . Swap 7 | . 2 3 2 Drop 20 | . 5 10 5 Fire 111 | 1 58 48 4 Melee . | . . . . Ram . | . . . . Kick . | . . . . Crush . | . . . . Escape Stasis . | . . . . Rewire . | . . . . Trap . | . . . . Miscellaneous . | . . . . Route ------- -11/Scrapyard -10/Materials (discovered 2 exits: *Mat x2) -9/Materials (discovered 2 exits: *Mat x2) -8/Materials History --------- Turn | Location | Event 6 | -11/Scrapyard | Discovered new exit (range 16) 56 | -11/Scrapyard | Entered Materials 161 | -10/Materials | Upgraded with Propulsion slot (x1) 255 | -10/Materials | Central database locked down 317 | -10/Materials | Build established: Mutant 375 | -10/Materials | Discovered new exit (range 11) 661 | -10/Materials | Discovered new exit (range 15) 741 | -10/Materials | Reached level 2 760 | -10/Materials | Entered another Materials area 762 | -9/Materials | Reached level 3 848 | -9/Materials | Core integrity fell below 50% 1076 | -9/Materials | Discovered new exit (range 12) 1166 | -9/Materials | Core integrity fell below 20% 1216 | -9/Materials | Discovered new exit (range 8) 1220 | -9/Materials | Entered another Materials area 1221 | -8/Materials | Core integrity fell below 50% 1221 | -8/Materials | Core integrity fell below 20% 1222 | -8/Materials | Reached level 4 1223 | -8/Materials | Upgraded with Weapon slot (x1) 1263 | -8/Materials | Garrison activated, responded to threat 1292 | -8/Materials | Destroyed by Y-45 Defender with Heavy Assault Rifle Last Messages --------------- 01250_ Identified Aerolev Unit. 01251_ Acquired Imp. Hover Unit. 01253_ Dropped Imp. Hover Unit. 01253_ Acquired Aerolev Unit. 01254_ Dropped Backup Propulsion III. 01257_ Acquired Aerolev Unit. 01263_ ALERT: Activating Garrison Access M001. 01267_ Dropped Pulse Rifle. 01268_ Acquired EM Shotgun. 01275_ ALERT: Garrison Access compromised, dispatching multiple assault carriers. 01276_ Chain reaction triggered in Imp. Ion Engine. 01276_ Nuclear Reactor explodes. 01277_ Critical hit (Burn: +37). 01282_ Heat Sink fried. 01282_ Y-45 Defender destroyed. 01284_ Critical hit (Burn: +37). 01289_ Connecting with Terminal... 01289_ Current location identified: Materials Map ----- +----------------------------------------------------+ | ?????????????????????????????? | | ?????????????????????????????? | | ?????????????????????????????? | | ?????????????????????????????? | | ?????????????????????????????? | | ?????????????????????????????? | | ?????????????????????????????? | | ?????????????????????????????? | | ?????????????????????????????? | | ??????????????????#########??? | | ??????????????#??"""""" #??? | | ??????????????# """"""" #??? | | ??????????????# """"""" #??? | | ??????????????# """"""" #??? | | ???????#??????# """"""" #??? | | ??????? ??????# #??? | | ??????? ??????# = = #??# | | ??????? "?????######+######## | | ??????? "?????# | | ??????? ????## | | ??????# ?? ## | | ??????# "?? ######### | | ??????# """ ######### ###### | | ??###?# """ ## # #????? | | ### ### !##[ # #????? | | # @# """ ## == # #????? | | #/ T # """ ## = # #????? | | # # """ ## = # #????? | | !Y ]## = # #????? | | #+#########+## #????? | | #????? | | #????? | | %[ #+############ + T??? | | [ #??????? # "" # | | """ #??????? # # | | [ """ !#??????? #?#### | | ! """ #??????? ????? | | # # #??????? ????? | | ####### """ #?????? ???? | | ??????? """ #??????## ???? | | ??????? """ #???????? ??? | | ??????? ?? ??#???????? ??? | | ?????????????????????? ?? | | ?????????????????????? ##+?? | | ?????????????????????? #???? | | ?????????????????????? ????? | | ?????????????????????????????? | | ?????????????????????????????? | | ?????????????????????????????? | | ?????????????????????????????? | +----------------------------------------------------+ Best States ------------- Heat Dissipation 31 Energy Generation 14 Energy Capacity 250 Matter Stores 300 Matter Capacity 300 Sight Range 17 Terrain Scan Density 10 Evasion (%) 55 Recoil Reduction 2 Offensive Hacking 10 Item Schematics ----------------- None Robot Schematics ------------------ None Fabricated ------------ Nothing Repaired ---------- Nothing Alien Tech Used ----------------- None Achievements -------------- None Challenges ------------ None RPGLIKE | -11 -10 -9 -8 --------- Run | Yrd Mat Mat Mat Levels Raised 3 | . 1 1 1 XP Earned 8945 | 3000 1500 2720 1725 XP Spent 7460 | 1500 2860 1150 1950 Upgrades 20 | 3 9 3 5 Propulsion Slot 1 | . 1 . . Weapon Slot 1 | . . . 1 Core Integrity 4 | . 2 . 2 Heat Dissipation 1 | . . 1 . Mass Support 1 | . . . 1 Inventory Capacity 5 | 3 . 1 1 Sight Range 1 | . . 1 . Ranged Accuracy 3 | . 3 . . Hack Attack % 2 | . 2 . . KI Damage % 1 | . 1 . . Protomatter Created 218 | . 166 52 . Protomatter Decayed 124 | . 78 46 . Game ------ Seed SigixSwarmRigger Manual? 0 Play Time 00:22:16 Cumulative 229.6 hours Start 2025.08.12 @ 17:19:03 End 2025.08.12 @ 17:40:22 Sessions 1 Manual Loads 0 Difficulty Rogue Special Mode Winter2019/RPGLIKE Game No. 147 Rogue 143 Adventurer 4 Explorer 0 Win Type - Total 7 Types 6/0/1/0/0/0/0/0/0/0 Lore% 81 Gallery% 71 Achievement% 61 Wizard Run 0 Options --------- Layout 2 ASCII 0 Keyboard 1 Movement Vi Keybinds 1 Fullscreen 2 Font 24/Smallcaps Map View 50x44 Zoom Use 0% Tactical HUD 1 Map Filters NONE Filters NONE Steam 1 RUN: 24135b08-3442-4605-840d-c934f80a430a